 Dungeon Crawl Stone Soup version 0.17.0-22-g5edae84 (webtiles) character file.

30 septik the Digger (level 3, -2/19 HPs)
             Began as a Gargoyle Earth Elementalist on Nov 13, 2015.
             Shot with a stone by a goblin (7 damage)
             ... on level 2 of the Dungeon.
             The game lasted 00:03:05 (732 turns).

septik the Digger (Gargoyle Earth Elementalist)      Turns: 732, Time: 00:03:06

Health: -2/19      AC:  5    Str: 11    XL:     3   Next: 20%
Magic:  2/7        EV: 12    Int: 16    God:
Gold:   73         SH:  0    Dex: 10    Spells: 3 memorised, 2 levels left

rFire  + . .     SeeInvis .     o - +0 club
rCold  . . .     Clarity  .     a - +0 robe
rNeg   + . .     SustAt   .     (no shield)
rPois  ∞         Gourm    .     (no helmet)
rElec  +         Spirit   .     (no cloak)
rCorr  .         Warding  .     (no gloves)
rMut   .         Stasis   .     (no boots)
MR     .....                    (no amulet)
Stlth  ++........               (no ring)
                                k - ring of protection from fire

@: not resistant to hostile enchantments, unstealthy
A: negative energy resistance 1, electricity resistance, unbreathing,
petrification resistance, rot immunity, AC +3
a: no special abilities


You were on level 2 of the Dungeon.
You were not hungry.

You visited 1 branch of the dungeon, and saw 2 of its levels.

You collected 73 gold pieces.

Inventory:

Hand Weapons
 o - a +0 club (weapon)
Missiles
 b - 20 stones (quivered)
Armour
 a - a +0 robe (worn)
Jewellery
 h - an uncursed ring of protection from cold {unknown}
 k - a ring of protection from fire (left hand)
Scrolls
 e - a scroll of recharging {unknown}
 i - 2 scrolls of identify {unknown}
 l - a scroll of blinking {unknown}
 n - a scroll of teleportation {unknown}
 p - a scroll of noise {unknown}
Potions
 g - a potion of resistance {unknown}
 j - a potion of flight {unknown}
 m - a potion of degeneration {unknown}
Books
 c - a book of Geomancy

   Spells                             Type                      Level
   a - Sandblast                      Earth                        1
   b - Stoneskin                      Transmutation/Earth          2
   c - Passwall                       Transmutation/Earth          3
   d - Stone Arrow                    Conjuration/Earth            3
   e - Petrify                        Transmutation/Earth          4
   f - Lee's Rapid Deconstruction     Earth                        5
Comestibles
 d - 2 bread rations
 f - 2 chunks of flesh


   Skills:
 - Level 1.5 Dodging
 - Level 2.1 Stealth
 * Level 3.0 Spellcasting
 + Level 0.0 Conjurations
 - Level 0.7 Transmutations
 + Level 4.0 Earth Magic


You had 2 spell levels left.
You knew the following spells:

 Your Spells              Type           Power        Failure   Level  Hunger
a - Sandblast             Erth           ###...       4%          1    #......
b - Stoneskin             Trmt/Erth      ##......     12%         2    ##.....
c - Stone Arrow           Conj/Erth      #.....       28%         3    ###....


Dungeon Overview and Level Annotations

Branches:
Dungeon (2/15)

Altars:


Innate Abilities, Weirdness & Mutations

You are resistant to torment.
Your stone body is resilient (AC +3).
You are immune to poison.
You resist negative energy.
You are resistant to electric shocks.
You can survive without breathing.
You are immune to petrification.
You are immune to rotting.


Message History

You kill the gnoll!
Your Spellcasting skill increases to level 3!
Your Earth Magic skill increases to level 4!
You have reached level 3!
Your experience leads to an increase in your attributes!
Increase (S)trength, (I)ntelligence, or (D)exterity?
You feel clever.
Memorise Stone Arrow, consuming 3 spell levels and leaving 2?
You start memorising the spell.
You continue memorising.
You continue memorising. x2
You finish memorising.
Spell assigned to 'c'.
A goblin comes into view. It is wielding a dagger.
The goblin shouts!
The goblin unwields an uncursed dagger.
The goblin wields a hunting sling.
The goblin shoots a stone.
The stone hits you.
* * * LOW HITPOINT WARNING * * *
Found a runed jasper amulet and a pair of runed gloves.
You see here a stone.
The goblin shoots a stone.
The stone hits you!
You die...

.....##.....####.#.#....##
.######.....##.#.#.# ....g
...............#.#.# .#..
##############.#.#.## # .
........ #.#.... ........
#.###.. ........ #.#....
#####... #.#"# #####..
..####.#@#.##..
...............(........
##........####...#.##...
.....#. #.....# .....#..
......# .....#.. .........
.......# g..........
.......# ........$....
.......# #....#.##....[


You could see a goblin.

Vanquished Creatures
  A gnoll (D:2)
  2 ball pythons
  2 giant cockroaches (D:1)
  2 hobgoblins
  6 bats
  3 goblins (D:1)
  A kobold (D:1)
  3 rats (D:1)
20 creatures vanquished.

Notes
Turn   | Place    | Note
--------------------------------------------------------------
     0 | D:1      | septik the Gargoyle Earth Elementalist began the quest for the Orb.
     0 | D:1      | Reached XP level 1. HP: 10/10 MP: 3/3
   231 | D:1      | Reached XP level 2. HP: 13/15 MP: 3/5
   235 | D:1      | Learned a level 2 spell: Stoneskin
   716 | D:2      | Reached skill level 4 in Earth Magic
   716 | D:2      | Reached XP level 3. HP: 10/19 MP: 0/7
   721 | D:2      | Learned a level 3 spell: Stone Arrow
   732 | D:2      | Shot with a stone by a goblin

Action                   || total
-------------------------++-------
Melee: Unarmed           ||    14
       Club              ||    14
 Cast: Sandblast         ||    35
